 Dungeon Crawl Stone Soup version 0.22.0-32-gbc6daba (webtiles) character file.

690 iamserjio the Grappler (level 7, 36/66 HPs)
             Began as a Troll Fighter on Aug 23, 2018.
             Quit the game on level 5 of the Dungeon.
             The game lasted 00:04:01 (771 turns).

iamserjio the Grappler (Troll Fighter)               Turns: 771, Time: 00:04:02

Health: 36/66      AC:  5    Str: 25    XL:     7   Next: 36%
Magic:  6/6        EV:  8    Int:  6    God:
Gold:   48         SH:  8    Dex:  9    Spells: 6/6 levels left

rFire    . . .     SeeInvis .     - Unarmed
rCold    . . .     Gourm    +   b - +0 shield
rNeg     . . .     Faith    .   a - +0 robe
rPois    .         Spirit   .   (helmet restricted)
rElec    .         Reflect  .   (no cloak)
rCorr    .         Harm     .   (gloves unavailable)
MR       +....                  (boots unavailable)
Stlth    +.........             (no amulet)
HPRegen  0.61/turn              e - ring of protection from magic
MPRegen  0.10/turn              (no ring)

@: mildly poisoned (36 -> 36), very slightly contaminated
A: large, unfitting armour, claws 3, fast metabolism 3, gourmand, regeneration
1, shaggy fur 1, tough skin 2
a: no special abilities


You were on level 5 of the Dungeon.
You were not hungry.

You visited 1 branch of the dungeon, and saw 5 of its levels.

You collected 48 gold pieces.

Inventory:

Missiles
 h - 11 javelins (quivered)
Armour
 a - a +0 robe (worn)
 b - a +0 shield (worn)
Jewellery
 e - a ring of protection from magic (left claw)
Potions
 c - a potion of resistance {unknown}
 g - a potion of degeneration
 i - a potion of cancellation {unknown}
Comestibles
 d - 4 rations


   Skills:
 - Level 2.4 Fighting
 - Level 2.4 Dodging
 - Level 2.4 Shields
 + Level 8.4 Unarmed Combat


You had 6 spell levels left.
You didn't know any spells.
Your spell library was empty.

Dungeon Overview and Level Annotations

Branches:
Dungeon (5/15)
 Temple: D:4-7

Altars:
Vehumet

Shops:
D:4 =


Innate Abilities, Weirdness & Mutations

You are too large for most types of armour.
You have claws for hands.
Your metabolism is lightning-fast.
You like to eat raw meat.
Your natural rate of healing is unusually fast.
You are covered in fur. (AC +1)
You have very tough skin. (AC +2)


Message History

You feel sick.
You feel sick.
You feel sick.
You feel sick.
You feel sick.
A jackal comes into view.
You feel sick. 2 jackals come into view.
You feel sick.
The jackal barks! x2
You feel sick.
You feel sick. You block the jackal's attack.
A sky beast comes into view.
You feel sick.
Found a stone staircase leading down.
A scorpion comes into view.
You feel sick.
You feel sick.
Are you sure you want to abandon this character and quit the game? (Confirm with "yes".)

##.......>.... #...........
#............. .........
#............. .........
#............. .........
#($.......... ..........
##.......##.. .....##...
##.......##########......##'##
#...%.[..>....................
#..........hh@..Y.............
#..........h..................
##.......##..........?........
#.......##.......s...........
#........#........>...........
#........+....................
#........############....####.
#.......##...##.#############
###########....#....#.......#.


You could see a sky beast, a scorpion and 3 jackals.

Vanquished Creatures
  A water moccasin (D:5)
  An ice beast (D:5)
  A sky beast (D:5)
  A scorpion (D:5)
  A centaur zombie (D:5)
  2 crimson imps (D:5)
  3 hounds
  An orc priest (D:3)
  A worker ant (D:5)
  A hound zombie (D:5)
  3 gnolls (D:3)
  2 adders
  An ooze (D:3)
  An adder zombie (D:5)
  An adder skeleton (D:5)
  3 leopard geckos
  4 orcs
  3 giant cockroaches
  2 goblins
  5 jackals
  2 frilled lizards
  A kobold (D:2)
  2 rats
43 creatures vanquished.

Notes
Turn   | Place    | Note
-------+----------+-------------------------------------------
     0 | D:1      | iamserjio the Troll Fighter began the quest for the Orb.
     0 | D:1      | Reached XP level 1. HP: 22/22 MP: 0/0
   135 | D:2      | Reached XP level 2. HP: 28/29 MP: 1/1
   144 | D:2      | Reached skill level 3 in Unarmed Combat
   236 | D:3      | Reached XP level 3. HP: 34/36 MP: 2/2
   271 | D:3      | Reached skill level 4 in Unarmed Combat
   280 | D:3      | Reached XP level 4. HP: 28/44 MP: 3/3
   413 | D:4      | Found a radiant altar of Vehumet.
   435 | D:4      | Found Qeodasin's Jewellery Boutique.
   442 | D:4      | Reached skill level 5 in Unarmed Combat
   442 | D:4      | Reached XP level 5. HP: 50/50 MP: 4/4
   532 | D:5      | Entered Level 5 of the Dungeon
   579 | D:5      | Reached skill level 6 in Unarmed Combat
   636 | D:5      | Reached XP level 6. HP: 54/59 MP: 5/5
   640 | D:5      | Noticed a sky beast
   651 | D:5      | Killed a sky beast
   674 | D:5      | Noticed an ice beast
   678 | D:5      | Reached skill level 7 in Unarmed Combat
   684 | D:5      | Killed an ice beast
   721 | D:5      | Reached XP level 7. HP: 66/66 MP: 6/6
   744 | D:5      | Reached skill level 8 in Unarmed Combat
   771 | D:5      | Quit the game

Skill      XL: |  1  2  3  4  5  6  7 |
---------------+----------------------+-----
Unarmed Combat | 3 4 5 6 7 8 |  8.4
Fighting       | |  2.4
Dodging        | |  2.4
Shields        | |  2.4

Action                   |  1- 3 |  4- 6 |  7- 9 || total
-------------------------+-------+-------+-------++-------
Melee: Unarmed           |    66 |    59 |    20 ||   145
  Use: Potion            |     3 |       |       ||     3
       Scroll            |       |     2 |     1 ||     3
  Eat: Chunk             |     3 |     2 |       ||     5
Armor: Robe              |    18 |    11 |     5 ||    34
Dodge: Dodged            |    20 |    19 |     7 ||    46
Block: Shield            |    18 |    17 |     8 ||    43
